 Dungeon Crawl Stone Soup version 0.31-a0-590-g8a5a4361df (webtiles) character file.

Game seed: 16319223952255818188

213 Rohain the Slasher (level 5, -2/41 HPs)
             Began as a Demonspawn Gladiator on Aug 20, 2023.
             Slain by a gnoll
             ... wielding a +0 spear
              (6 damage)
             ... on level 4 of the Dungeon.
             The game lasted 00:03:45 (3106 turns).

Rohain the Slasher (Demonspawn Gladiator)           Turns: 3106, Time: 00:03:45

Health: -2/41      AC:  5    Str: 16    XL:     5   Next: 59%
Magic:  5/5        EV: 16    Int: 10    God:
Gold:   77         SH:  8    Dex: 14    Spells: 4/4 levels left

rFire   . . .        a - +0 long sword
rCold   . . .        i - +0 kite shield
rNeg    . . .        b - +0 leather armour
rPois   .            c - +0 helmet
rElec   .            (no cloak)
rCorr   .            n - +0 pair of gloves
SInv    .            (no boots)
Will    +....        (no amulet)
Stlth   +            f - +5 ring of evasion
HPRegen 0.26/turn    p - ring of willpower
MPRegen 0.09/turn

%: no passive effects
@: no status effects
A: claws 1, ignite blood 1, demonic magic 1
a: no special abilities


You were on level 4 of the Dungeon.
You visited 1 branch of the dungeon, and saw 4 of its levels.

You collected 77 gold pieces.

Inventory:

Hand Weapons
 a - a +0 long sword (weapon)
Missiles
 d - 2 throwing nets (quivered)
 e - a javelin
Armour
 b - a +0 leather armour (worn)
 c - a +0 helmet (worn)
 i - a +0 kite shield (worn)
 n - a +0 pair of gloves (worn)
Jewellery
 f - a +5 ring of evasion (left hand)
 m - a ring of protection from fire
 p - a ring of willpower (right hand)
 u - a ring of positive energy
Wands
 o - a wand of roots (11)
 v - a wand of charming (6)
Potions
 g - a potion of magic {unknown}
 h - 3 potions of brilliance
 j - 2 potions of enlightenment
 k - a potion of heal wounds {unknown}
 l - a potion of mutation {unknown}
 q - 2 potions of attraction {unknown}
 r - 2 potions of curing
 s - a potion of haste {unknown}
 t - 2 potions of might {unknown}


   Skills:
 + Level 3.1 Fighting
 + Level 3.5 Long Blades
 + Level 2.8 Throwing
 + Level 3.5 Dodging
 + Level 1.8 Shields


You had 4 spell levels left.
You didn't know any spells.
Your spell library contained the following spells:

 Spells                   Type           Power      Damage    Failure   Level
 Kiss of Death            Conj/Necr      0%         2d5       82%         1
 Call Canine Familiar     Summ           0%         N/A       99%         3
 Confusing Touch          Hex            0%         N/A       99%         3
 Portal Projectile        Hex/Tloc       0%         N/A       99%         3
 Tukima's Dance           Hex            0%         N/A       99%         3
 Dispel Undead            Necr           0%         3d6       100%        4
 Iskenderun's Mystic Bla  Conj/Tloc      0%         2d3       100%        4
 Leda's Liquefaction      Hex/Erth       0%         N/A       100%        4


Dungeon Overview and Level Annotations

Branches:
Dungeon (4/15)
 Temple: D:4-7

Altars:


Innate Abilities, Weirdness & Mutations

You have sharp fingernails.
Your demonic aura sometimes causes spilled blood to erupt in flames.
Spells you cast may paralyse adjacent enemies.


Message History

The gnoll is engulfed in blazing flames.
You kill the gnoll!
The gnoll barely misses you. You block the kobold's attack.
You see here a +0 club.
The kobold attacks as you move away!
The kobold hits you with a +1 short sword of holy wrath.
You convulse.
The gnoll closely misses you. The gnoll hits you but does no damage.
The gnoll hits you with a +0 spear.
* * * LOW HITPOINT WARNING * * *
You barely miss the gnoll. The gnoll misses you.
You completely miss the gnoll. You block the gnoll's attack.
You hit the gnoll.
The gnoll is lightly wounded.
You block the gnoll's attack. x2
You barely miss the gnoll.
The gnoll is lightly wounded.
You block the gnoll's attack.
You barely miss the gnoll.
The gnoll is lightly wounded.
You block the gnoll's attack. The gnoll hits you with a +0 spear.
* * * LOW HITPOINT WARNING * * *
You hit the gnoll.
The gnoll is moderately wounded.
The gnoll hits you with a +0 spear.
* * * LOW HITPOINT WARNING * * *
You barely miss the gnoll.
The gnoll is moderately wounded.
The gnoll misses you.
You hit the gnoll.
The gnoll is almost dead.
The gnoll barely misses you. The gnoll hits you with a +0 spear.
* * * LOW HITPOINT WARNING * * *
You hit the gnoll.
The gnoll is almost dead.
You block the gnoll's attack. The gnoll attacks as you move away!
The gnoll closely misses you.
The gnoll hits you from afar with a +0 spear.
You die...

# ### ##
##.#######
.########....Kg°.#
.......†...#####@#
.##...###### #.#
##.....# #.#
###...## ##.##
##.## #...## #.#
#....# # #.#
#....# ~# #'#
####.# ~g# #.#


You could see a gnoll and a kobold.

Vanquished Creatures
  An orc priest (D:3)
  An iguana (D:4)
  Jessica (D:3)
  3 gnolls (D:4)
  4 adders
  3 worms (D:2)
  A dart slug (D:4)
  4 orcs (D:3)
  4 ball pythons
  7 endoplasms
  3 hobgoblins (D:2)
  3 jackals (D:3)
  A kobold (D:3)
  A quokka (D:2)
  6 bats
  4 frilled lizards
  4 goblins
  2 rats
53 creatures vanquished.

Notes
Turn   | Place    | Note
-------+----------+-------------------------------------------
     0 | D:1      | Rohain the Demonspawn Gladiator began the quest for the
                  | Orb.
     0 | D:1      | Reached XP level 1. HP: 16/16 MP: 1/1
   995 | D:2      | Gained mutation: Your demonic aura sometimes causes spilled
                  | blood to erupt in flames. [demonic ancestry]
   995 | D:2      | Reached XP level 2. HP: 22/22 MP: 2/2
  1575 | D:2      | Reached XP level 3. HP: 22/28 MP: 3/3
  1949 | D:2      | Reached skill level 1 in Shields
  2291 | D:3      | Gained mutation: Spells you cast may paralyse adjacent
                  | enemies. [demonic ancestry]
  2291 | D:3      | Reached XP level 4. HP: 33/34 MP: 4/4
  2494 | D:3      | Noticed Jessica
  2499 | D:3      | Killed Jessica
  2507 | D:3      | Gained mutation: You have sharp fingernails. [demonic
                  | ancestry]
  2507 | D:3      | Reached XP level 5. HP: 31/40 MP: 5/5
  3106 | D:4      | Slain by a gnoll

Illustrated notes

Levels and vault maps discovered:
D:1:      dpeg_arrival_ternary, layout_basic, grunt_decor_arrowhead
D:2:      kennysheep_six_static_rooms, layout_basic
D:3:      layout_loops_cross, kennysheep_decorative_pillar, uniq_jessica
D:4:      wander_river, layout_loops_corners, tgw_trog,
          nicolae_temple_entry_ecumenical, minmay_manual_maat

Skill      XL: |  1  2  3  4  5 |
---------------+----------------+-----
Throwing       | 2 |  2.8
Dodging        | 3 |  3.5
Long Blades    | 3 |  3.5
Shields        | 1 |  1.8
Fighting       | 3 |  3.1

Action                     |  1- 3 |  4- 6 || total
---------------------------+-------+-------++-------
  Melee: Long sword        |   140 |    80 ||   220
  Throw: Throwing net      |     1 |       ||     1
    Use: Scroll            |     7 |     1 ||     8
   Stab: Sleeping          |     1 |     1 ||     2
 Armour: Leather armour    |    38 |    23 ||    61
  Dodge: Dodged            |    83 |    79 ||   162
  Block: Kite shield       |    51 |    48 ||    99

Table legend: (Time is in decaauts)
 A = Elapsed time spent in this place.
 B = Non-inter-level travel time spent in this place.
 C = Inter-level travel time spent in this place.
 D = Time resting spent in this place.
 E = Time spent auto-exploring this place.
 F = Levels seen in this place.
 G = Mean time per level.
                   A        B        C        D        E       F      G
               +--------+--------+--------+--------+--------+-----+--------+
         Total |   3195 |   2983 |    212 |    101 |   2236 |   4 |  798.8 |
       Dungeon |   3195 |   2983 |    212 |    101 |   2236 |   4 |  798.8 |
               +--------+--------+--------+--------+--------+-----+--------+

Top non-repeatable levels by time:
     D:2: 1289 daAuts
     D:1: 992 daAuts
     D:3: 800 daAuts
     D:4: 112 daAuts
